 Dungeon Crawl Stone Soup version 0.22-a0-553-g9358b0b (webtiles) character file.

38 kae the Insei (level 3, -2/20 HPs)
             Began as a Tengu Transmuter on June 25, 2018.
             Slain by a jackal (3 damage)
             ... on level 2 of the Dungeon.
             The game lasted 00:00:48 (899 turns).

kae the Insei (Tengu Transmuter)                     Turns: 899, Time: 00:00:49

Health: -2/20      AC:  2    Str: 10    XL:     3   Next: 43%
Magic:  7/7        EV: 13    Int: 13    God:
Gold:   55         SH:  0    Dex: 15    Spells: 5/6 levels left

rFire    . . .     SeeInvis .     - Unarmed
rCold    . . .     Gourm    .   (no shield)
rNeg     . . .     Faith    .   b - +0 robe
rPois    .         Spirit   .   (helmet restricted)
rElec    .         Reflect  .   (no cloak)
rCorr    .         Harm     .   (no gloves)
MR       .....                  (boots unavailable)
Stlth    +.........             (no amulet)
HPRegen  0.06/turn              (no ring)
MPRegen  0.10/turn              (no ring)

@: appendage (expiring)
A: beak, horns 2, talons 3
a: End Transformation


You were on level 2 of the Dungeon.
You were not hungry.
You had grown temporary horns.
You visited 1 branch of the dungeon, and saw 2 of its levels.

You collected 55 gold pieces.

Inventory:

Missiles
 a - 26 arrows
Armour
 b - a +0 robe (worn)
Scrolls
 c - 2 scrolls of identify {unknown}
 f - 3 scrolls of remove curse {unknown}
 g - a scroll of fog {unknown}
Potions
 e - a potion of resistance {unknown}
 h - a potion of degeneration {unknown}
Comestibles
 d - 2 rations
 i - 9 chunks of flesh


   Skills:
 + Level 1.5 Fighting
 - Level 2.1 Dodging
 * Level 3.8 Unarmed Combat
 + Level 2.2 Spellcasting
 * Level 2.1 Transmutations


You had 5 spell levels left.
You knew the following spells:

 Your Spells              Type           Power        Failure   Level  Hunger
a - Beastly Appendage     Tmut           #.....       11%         1    ##.....

Your spell library contained the following spells:

 Spells                   Type           Power        Failure   Level  Hunger
 Spider Form              Tmut/Pois      #.........   43%         3    ####...
 Blade Hands              Tmut           #.........   96%         5    ######.
 Ice Form                 Ice/Tmut       #.......     85%         4    #####..
 Sticks to Snakes         Tmut           #.......     16%         2    ###....


Dungeon Overview and Level Annotations

Branches:
Dungeon (2/15)

Altars:


Innate Abilities, Weirdness & Mutations

You have a beak for a mouth.
You have claws for feet.
You have a pair of horns on your head.


Message History

The jackal barely misses you.
You closely miss the jackal. You claw the jackal.
You kill the jackal!
The jackal misses you.
You see here a jackal corpse.
You hit the jackal but do no damage. The jackal closely misses you.
You closely miss the jackal. You peck the jackal, but do no damage.
The jackal bites you.
* * * LOW HITPOINT WARNING * * *
The jackal barely misses you. The jackal bites you.
* * * LOW HITPOINT WARNING * * *
You hit the jackal. You claw the jackal.
You kill the jackal!
The jackal misses you. The jackal barely misses you.
You hit the jackal. Your kick misses the jackal.
You peck the jackal, but do no damage.
The jackal is severely wounded.
Your transformation is almost over.
The jackal bites you.
You die...

#.###.#.# #.......# ###
### ####(..## .... ..#
#...# ....##.# #...# #
......# #...######.
........######..)......!
.....##.................
.......@.)..............
...###h.................
##.######.....(.... ##.
#...######. . #.%.# .#
#...# ## ..... .......
..$....#


You could see a jackal.

Vanquished Creatures
  An adder (D:2)
  A leopard gecko (D:2)
  3 goblins
  3 hobgoblins
  9 jackals
  2 kobolds (D:1)
  2 bats (D:1)
  A frilled lizard (D:1)
  2 rats
24 creatures vanquished.

Notes
Turn   | Place    | Note
-------+----------+-------------------------------------------
     0 | D:1      | kae the Tengu Transmuter began the quest for the Orb.
     0 | D:1      | Reached XP level 1. HP: 12/12 MP: 4/4
   169 | D:1      | Reached XP level 2. HP: 10/16 MP: 6/6
   728 | D:2      | Reached XP level 3. HP: 8/20 MP: 7/7
   897 | D:2      | HP: 1/20 [jackal (2)]
   899 | D:2      | Slain by a jackal

Vault maps used:
D:1:      dpeg_arrival_orchard, minmay_misc_feat_four_crosses
D:2:      first_ration

Skill      XL: |  1  2 |
---------------+-------+-----
Transmutations | 2 |  2.1
Fighting       | |  1.5
Dodging        | |  2.1
Unarmed Combat | |  3.8
Spellcasting   | |  2.2

Action                   || total
-------------------------++-------
Melee: Unarmed           ||    68
       Peck              ||     9
       Kick              ||     9
       Headbutt          ||     2
       Punch             ||     1
 Cast: Beastly Appendage ||     2
 Stab: Sleeping          ||     1
Armor: Robe              ||    18
Dodge: Dodged            ||    57

Table legend:
 A = Spawn XP
 B = Non-spawn XP
 C = Spawn XP percentage of total XP
 D = Spawn monster count
 E = Non-spawn monster count
 F = Spawn count percentage of total count
 G = Total turns spent on level
                    A         B        C        D         E        F      G
               +---------+---------+-------+---------+---------+-------+---------
         Total |       0 |      55 |   0.0 |       0 |      24 |   0.0 |   899
               +---------+---------+-------+---------+---------+-------+---------
           D:1 |       0 |      24 |   0.0 |       0 |      14 |   0.0 |   686
           D:2 |       0 |      31 |   0.0 |       0 |      10 |   0.0 |   213
               +---------+---------+-------+---------+---------+-------+---------
